 Dungeon Crawl Stone Soup version 0.31-a0-590-g8a5a4361df (webtiles) character file.

Game seed: 9576418266908787474

312 avis the Changeling (level 6, -1/30 HPs)
             Began as a Felid Shapeshifter on Aug 19, 2023.
             Was an Initiate of Gozag.
             Slain by Maggie
             ... wielding a +0 long sword of flaming
              (4 damage)
             ... on level 6 of the Dungeon.
             The game lasted 00:30:11 (4960 turns).

avis the Changeling (Felid Shapeshifter)            Turns: 4960, Time: 00:30:11

Health: -1/30      AC:  2    Str: 17    XL:     6   Next: 18%
Magic:  7/7        EV: 20    Int: 10    God:    Gozag
Gold:   252        SH:  5    Dex: 18    Spells: 0/5 levels left
                                        Lives:  0   Deaths: 2

rFire   . .          .
                       - Unarmed
rCold   . . .        (shield unavailable)
rNeg    . . .        (body armour unavailable)
rPois   .            (helmet unavailable)
rElec   .            (cloak unavailable)
rCorr   .            (gloves unavailable)
SInv    +            (boots unavailable)
Will    .....        u - amulet of reflection
Stlth   ++           e - ring of wizardry
HPRegen 0.25/turn    w - +6 ring of strength
MPRegen 0.10/turn

%: reflection, wizardry (x1)
@: beast-form, mesmerised, quick
A: beast (slay +4), very small, claws 1, fangs 3, see invisible, speed 1, shaggy
fur 2, stealthy paws, no weapons or thrown items, no armour, multi-lived
a: Begin Untransformation, Renounce Religion, Potion Petition, Call Merchant,
Bribe Branch


You were on level 6 of the Dungeon.
You worshipped Gozag.
Gozag was aware of your devotion.
You were a hulking beast.
You visited 2 branches of the dungeon, and saw 7 of its levels.
You also visited: Sewer.

You collected 347 gold pieces.
You paid 95 gold pieces to Gozag.

Inventory:

Jewellery
 e - a ring of wizardry (left paw)
 u - an amulet of reflection (around neck)
 v - a ring of wizardry
 w - a +6 ring of strength (right paw)
Talismans
 b - a beast talisman (active)
 c - a flux talisman
Scrolls
 a - a scroll of brand weapon {unknown}
 g - 2 scrolls of immolation {unknown}
 h - 4 scrolls of teleportation
 j - 3 scrolls of fog {unknown}
 m - 2 scrolls of poison {unknown}
 n - a scroll of blinking {unknown}
 s - 2 scrolls of identify {unknown}
Potions
 d - 2 potions of attraction {unknown}
 f - 2 potions of cancellation {unknown}
 i - a potion of curing {unknown}
 k - 2 potions of degeneration {unknown}
 l - a potion of mutation {unknown}
 o - 2 potions of brilliance
 p - a potion of enlightenment {unknown}
 q - a potion of might {unknown}
 r - a potion of berserk rage {unknown}
 t - a potion of resistance {unknown}
 x - a potion of ambrosia {unknown}


   Skills:
 + Level 5.3 Fighting
 * Level 5.2 Dodging
 + Level 3.1 Stealth
 + Level 3.8 Unarmed Combat
 - Level 1.0 Hexes
 - Level 6.0 Shapeshifting


You couldn't memorise any spells.
You knew the following spells:

 Your Spells              Type           Power      Damage    Failure   Level
a - Ensorcelled Hibernat  Hex/Ice        2%         N/A       19%         2
b - Call Canine Familiar  Summ           0%         N/A       41%         3

Your spell library contained the following spells:

 Spells                   Type           Power      Damage    Failure   Level
 Anguish                  Hex/Necr       0%         N/A       73%         4
 Leda's Liquefaction      Hex/Erth       0%         N/A       73%         4
 Ozocubu's Refrigeration  Ice            0%         4d7       100%        7
 Polar Vortex             Ice            0%         N/A       100%        9
 Portal Projectile        Hex/Tloc       Unusable   N/A       N/A         3
 Simulacrum               Ice/Necr       Unusable   N/A       N/A         6

Dungeon Overview and Level Annotations

Branches:
Dungeon (6/15)             Temple (1/1) D:6           Sewer (visited)

Altars:
Ashenzari
Dithmenos
Elyvilon
Fedhas
Gozag
Kikubaaqudgha
Makhleb
Nemelex Xobeh
Qazlal
Trog
Uskayaw
Vehumet
Yredelemnul
Zin
The Shining One

Portals:
Abyss: D:4

Annotations:
D:4 2 transporters, Age's ghost, amateur MiFi; Ijyb
D:6 Maggie


Innate Abilities, Weirdness & Mutations

You are a hulking beast.
Your limbs bulge with bestial killing power. (Slay +4)
You have sharp claws.
You have razor-sharp teeth.
You have supernaturally acute eyesight. (SInv)
You cover ground quickly. (Speed+)
You are covered in thick fur. (AC +2)
Your paws help you pounce on unaware monsters.
You are incapable of wielding weapons or throwing items.
You cannot wear armour.
You gain extra lives every three experience levels.


Message History

You scratch Maggie but do no damage.
Maggie is lightly wounded.
Maggie casts a spell at you. The bolt of fire misses you.
Okay, then.
You closely miss Maggie.
Maggie is lightly wounded.
Maggie barely misses you.
You barely miss Maggie. Your bite misses Maggie.
Maggie is lightly wounded.
You block Maggie's attack.
You scratch Maggie.
Maggie is lightly wounded.
Maggie gives herself a magical halo, but it quickly sputters out.
Maggie completely misses you.
You scratch Maggie but do no damage.
Maggie is lightly wounded.
Maggie gestures at you while chanting. The bolt of fire hits you!!
Ouch! That really hurt!
You scratch Maggie.
Maggie is lightly wounded.
Maggie gestures wildly while chanting.
Maggie attempts to bespell you!
You are mesmerised by Maggie!
You scratch Maggie.
Maggie is moderately wounded.
Maggie hits you with a +0 long sword of flaming!
* * * LOW HITPOINT WARNING * * *
Maggie burns you.
* * * LOW HITPOINT WARNING * * *
You closely miss Maggie.
Maggie is moderately wounded.
Maggie mumbles the words to a spell, but in the wrong order.
Maggie completely misses you.
You claw Maggie!
Maggie is heavily wounded.
Maggie hits you with a +0 long sword of flaming.
You die...
Your body crumbles into a pile of gold.

######...........
#.... # #....[##...##
# #.....##...# #
#..........#########
#
#..........##......##
#
##....#..............
######....##........
#.####......... ###
#h######## ##@.....#
Y...... .......
...!... .......
......# #######


You could see Maggie (mesmerising) and a sky beast.

Vanquished Creatures
  Sigmund (D:3)
  Pargi (Sewer)
  A centaur (D:5)
  A kobold brigand (D:6)
  3 scorpions
  A howler monkey (D:5)
  2 jellies (D:5)
  An orc priest (D:3)
  A hound (D:5)
  A sleepcap (D:3)
  8 adders
  3 ufetubi
  3 worms
  4 dart slugs
  10 orcs
  5 ball pythons
  9 endoplasms
  2 giant cockroaches
  11 hobgoblins
  3 jackals (D:1)
  7 quokkas
  9 bats
  6 frilled lizards
  8 goblins
  14 kobolds
  8 rats
123 creatures vanquished.

Notes
Turn   | Place    | Note
-------+----------+-------------------------------------------
     0 | D:1      | avis the Felid Shapeshifter began the quest for the Orb.
     0 | D:1      | Reached XP level 1. HP: 9/9 MP: 2/2
   135 | D:1      | Reached XP level 2. HP: 12/12 MP: 3/3
   387 | D:1      | Reached skill level 4 in Shapeshifting
   387 | D:1      | Reached XP level 3. HP: 14/16 MP: 4/4
  1067 | D:2      | Reached XP level 4. HP: 20/20 MP: 5/5
  1842 | D:3      | Found a glowing drain.
  1924 | Sewer    | Entered a sewer
  2033 | Sewer    | Noticed Pargi
  2043 | Sewer    | Killed Pargi
  2044 | Sewer    | Reached skill level 5 in Shapeshifting
  2044 | Sewer    | Reached XP level 5. HP: 24/24 MP: 6/6
  2189 | D:3      | Learned a level 2 spell: Ensorcelled Hibernation
  2333 | D:3      | Found a burning altar of Makhleb.
  2525 | D:3      | Gained mutation: You are covered in thick fur. (AC +2)
                  | [Felid growth]
  2525 | D:3      | Reached XP level 6. HP: 24/28 MP: 7/7
  2840 | D:4      | Found a transporter.
  2963 | D:4      | Noticed Ijyb
  3067 | D:4      | Found a transporter.
  3071 | D:4      | Noticed a small abomination
  3087 | D:4      | Found a one-way gate to the infinite horrors of the Abyss.
  3087 | D:4      | Noticed Age's ghost (amateur MiFi)
  3109 | D:4      | Noticed Sigmund
  3147 | D:3      | Killed Sigmund
  3148 | D:3      | Reached skill level 6 in Shapeshifting
  3414 | D:5      | Entered Level 5 of the Dungeon
  3495 | D:5      | Found a stormy altar of Qazlal.
  3560 | D:5      | Reached XP level 7. HP: 33/33 MP: 8/8
  3714 | D:5      | Reached skill level 5 in Fighting
  3714 | D:5      | Reached skill level 1 in Stealth
  3969 | D:5      | Found a broken altar of Ashenzari.
  4490 | D:6      | Found a staircase to the Ecumenical Temple.
  4548 | Temple   | Entered the Ecumenical Temple
  4555 | Temple   | Became a worshipper of Gozag Ym Sagoz the Greedy
  4561 | Temple   | Learned a level 3 spell: Call Canine Familiar
  4646 | D:6      | Slain by an ice beast
  4647 | D:6      | Reached XP level 6. HP: -1/30 MP: 7/7
  4685 | D:6      | HP: 1/30 [kobold brigand/+0 whip (7)]
  4686 | D:6      | Succumbed to a kobold brigand's curare-tipped dart
  4687 | D:6      | Reached XP level 5. HP: 0/26 MP: 6/6
  4790 | D:6      | Reached skill level 5 in Dodging
  4790 | D:6      | Reached skill level 1 in Hexes
  4790 | D:6      | Reached XP level 6. HP: 25/30 MP: 7/7
  4949 | D:6      | Noticed Maggie
  4949 | D:6      | Noticed a sky beast
  4960 | D:6      | Slain by Maggie

Illustrated notes

Levels and vault maps discovered:
D:1:      elethiomel_arrival_infinity_welcomes_careful_drivers, layout_rooms
D:2:      layout_loops_ring, chequers_hall_statues_corner_a, st_stairs_13,
          minmay_tromino_i2
D:3:      layout_rooms, marbit_many_paths, portal_sewer_entry_a
D:4:      layout_basic, mainiacjoe_overflow_alcove_4,
          gammafunk_ghost_abyssal_escape, serial_shops, shop, uniq_ijyb,
          uniq_sigmund
D:5:      layout_basic, ashenzari_conservatory_becter, mainiacjoe_overflow_paths
D:6:      layout_gridville, nzn_wu_jian_council_hall,
          minmay_temple_entry_statues, uniq_maggie
Temple:   hellmonk_temple_two_chambers

Skill      XL: |  1  2  3  4  5  6  7 |
---------------+----------------------+-----
Shapeshifting  | 4 5 6 |  6.0
Fighting       | 2 3 4 5 |  5.3
Dodging        | 5 4 |  5.2
Stealth        | 3 2 |  3.1
Hexes          | 1 |  1.0
Unarmed Combat | |  3.8

Action                     |  1- 3 |  4- 6 |  7- 9 || total
---------------------------+-------+-------+-------++-------
  Melee: Unarmed           |    96 |   162 |    39 ||   297
         Bite              |     7 |    14 |     5 ||    26
         Punch             |     3 |     2 |     1 ||     6
    Use: Potion            |       |     2 |       ||     2
         Scroll            |       |     1 |     2 ||     3
   Stab: Sleeping          |     4 |     5 |     5 ||    14
 Armour: Skin              |     4 |    16 |     2 ||    22
  Dodge: Dodged            |    64 |   102 |    22 ||   188
  Block: Other             |       |     9 |     4 ||    13
         Reflection        |       |     2 |       ||     2

Table legend: (Time is in decaauts)
 A = Elapsed time spent in this place.
 B = Non-inter-level travel time spent in this place.
 C = Inter-level travel time spent in this place.
 D = Time resting spent in this place.
 E = Time spent auto-exploring this place.
 F = Levels seen in this place.
 G = Mean time per level.
                   A        B        C        D        E       F      G
               +--------+--------+--------+--------+--------+-----+--------+
         Total |   4220 |   3791 |    429 |    570 |   1748 |   8 |  527.5 |
       Dungeon |   3945 |   3516 |    429 |    470 |   1748 |   6 |  657.5 |
        Temple |     23 |     23 |      0 |      0 |      0 |   1 |   23.0 |
         Sewer |    252 |    252 |      0 |    100 |      0 |   1 |  252.0 |
               +--------+--------+--------+--------+--------+-----+--------+

Top non-repeatable levels by time:
     D:2: 881 daAuts
     D:5: 841 daAuts
     D:3: 778 daAuts
     D:1: 651 daAuts
     D:4: 416 daAuts
     D:6: 375 daAuts
   Sewer: 252 daAuts
  Temple: 23 daAuts
